AoeStats
← Jay

Fortress

510252331Analyzed
3v3 RM · 2d ago on Sep 30, 2026· 70m 55s· 6 players
Game mode
Random Map
Map size
Large (8 player)
Population
200
Speed
Normal
Resources
Standard
Victory
Conquest
Starting age
Dark Age
Ending age
Imperial Age
RankedLock teamsTeams togetherTeam positionsShared explorationLock speedFull tech treeHidden civsTurbo modeCheats
Victory
Defeat
🇦🇺 Britons · Australia
1000
+12
🇦🇺 Burgundians · Australia
957
+14
🇦🇺 Saracens · Australia
933
+15
🇲🇽 Slavs · Mexico
956
-15
🇲🇽 Bohemians · Mexico
889
-13
🇲🇽 Bulgarians · Mexico
887
-13
Ricardo9gs
6:28 Loom
8:13 Feudal Age
11:09 Double-Bit Axe
11:07 Horse Collar
13:45 Castle Age
14:58 Bow Saw
18:34 Heavy Plow
21:13 Fletching
21:34 Forging
21:24 Scale Mail Armor
24:16 Pikeman
27:30 Wheelbarrow
28:35 Iron Casting
28:15 Chain Mail Armor
28:16 Detinets
34:56 Imperial Age
32:44 Hand Cart
33:04 Chain Mail Armor
34:48 Bodkin Arrow
35:12 Capped Ram
35:15 Halberdier
36:12 Siege Ram
37:50 Crop Rotation
38:50 Two-Man Saw
38:32 Caravan
39:13 Squires
40:59 Blast Furnace
40:29 Plate Mail Armor
40:27 Murder Holes
40:07 Heavy Scorpion
48:51 Man-at-Arms
49:44 Long Swordsman
50:11 Light Cavalry
51:02 Bloodlines
50:52 Husbandry
51:03 Hussar
55:34 Cavalier
57:41 Two-Handed Swordsman
esdrasvm
6:22 Feudal Age
6:53 Double-Bit Axe
7:49 Arson
15:25 Castle Age
14:28 Forging
14:21 Scale Mail Armor
16:37 Loom
17:54 Padded Archer Armor
22:38 Wheelbarrow
23:48 Leather Archer Armor
23:23 Fletching
24:39 Bodkin Arrow
25:28 Stirrups
25:54 Hand Cart
25:46 Elite Skirmisher
26:43 Squires
30:02 Chain Mail Armor
32:01 Murder Holes
32:26 Ballistics
32:13 Murder Holes
33:38 Iron Casting
33:36 Pikeman
34:02 Gambesons
36:56 Imperial Age
34:53 Bow Saw
34:25 Horse Collar
34:53 Scale Barding Armor
37:44 Chain Barding Armor
37:50 Heavy Plow
37:45 Stone Mining
37:47 Gold Mining
38:34 Conscription
39:11 Halberdier
41:30 Stone Shaft Mining
41:30 Gold Shaft Mining
42:16 Chemistry
41:28 Masonry
42:53 Siege Engineers
44:20 Bagains
46:28 Bracer
46:59 Plate Mail Armor
47:30 Blast Furnace
47:06 Plate Barding Armor
50:32 Bloodlines
50:23 Husbandry
49:44 Light Cavalry
53:27 Caravan
53:57 Coinage
53:47 Hussar
64:16 Elite Konnik
Ricky
8:59 Feudal Age
11:02 Wheelbarrow
10:51 Double-Bit Axe
10:50 Horse Collar
15:53 Castle Age
18:06 Hand Cart
21:56 Bow Saw
21:31 Pikeman
22:11 Squires
24:15 Chemistry
28:41 Imperial Age
30:26 Houfnice
33:08 Halberdier
34:18 Elite Hussite Wagon
45:53 Capped Ram
54:20 Caravan
Jay
1:08 Loom
6:34 Feudal Age
7:50 Wheelbarrow
7:02 Double-Bit Axe
6:59 Horse Collar
9:50 Fletching
10:03 Padded Archer Armor
16:59 Castle Age
18:03 Hand Cart
18:03 Heavy Plow
18:15 Bow Saw
18:13 Bodkin Arrow
23:26 Leather Archer Armor
23:12 Gold Mining
23:14 Stone Mining
25:41 Yeomen
27:01 Caravan
29:46 Ballistics
32:33 Imperial Age
31:42 Scale Mail Armor
32:20 Pikeman
33:01 Squires
32:46 Arson
32:49 Gambesons
32:50 Elite Longbowman
33:44 Cavalier
34:24 Husbandry
35:47 Chemistry
35:00 Bracer
35:31 Ring Archer Armor
34:53 Capped Ram
38:19 Chain Mail Armor
38:14 Forging
38:11 Scale Barding Armor
48:48 Iron Casting
50:39 Man-at-Arms
51:54 Plate Mail Armor
52:25 Blast Furnace
51:45 Chain Barding Armor
55:37 Halberdier
PetForMeows
3:29 Loom
7:07 Feudal Age
8:48 Town Watch
11:57 Castle Age
11:03 Forging
11:27 Scale Mail Armor
11:35 Scale Barding Armor
11:27 Double-Bit Axe
14:08 Bow Saw
13:47 Horse Collar
19:24 Heavy Plow
21:19 Scale Mail Armor
23:08 Wheelbarrow
25:08 Hand Cart
25:34 Iron Casting
28:21 Imperial Age
27:16 Bimaristan
27:47 Chain Barding Armor
27:19 Fletching
29:42 Conscription
29:36 Town Patrol
30:52 Two-Man Saw
29:55 Elite Mameluke
32:51 Blast Furnace
35:59 Plate Barding Armor
35:21 Bodkin Arrow
36:08 Caravan
36:11 Pikeman
36:52 Squires
37:58 Bracer
40:06 Siege Engineers
39:57 Murder Holes
41:23 Chain Mail Armor
43:28 Counterweights
44:09 Stone Mining
44:10 Gold Mining
53:57 Ballistics
54:38 Chemistry
59:34 Hoardings
Shaqirius Metadata
7:16 Feudal Age
7:38 Horse Collar
7:45 Double-Bit Axe
11:03 Heavy Plow
11:30 Bow Saw
15:06 Castle Age
14:04 Gold Mining
14:05 Stone Mining
16:23 Crop Rotation
18:52 Two-Man Saw
19:54 Husbandry
23:32 Scale Barding Armor
31:02 Imperial Age
30:54 Gold Shaft Mining
30:54 Stone Shaft Mining
33:41 Forging
33:33 Scale Mail Armor
33:55 Chain Barding Armor
34:28 Squires
59:27 Pikeman
60:38 Halberdier
Connection lost

Rejoining the realm…

Still unreachable

The connection could not be restored.

Session expired

The server has moved on; the page needs a fresh start.